 Dungeon Crawl Stone Soup version 0.20-a0-1018-ge435b50 (webtiles) character file.

110609 dvd the Gelid (level 16, -1/132 HPs)
             Began as a White Draconian Ice Elementalist on Apr 16, 2017.
             Was the Champion of Ashenzari.
             Succumbed to a wolf spider's poison
             ... on level 2 of the Spider Nest on Apr 17, 2017.
             The game lasted 02:44:47 (33808 turns).

dvd the Gelid (White Draconian Ice Elementalist)   Turns: 33808, Time: 02:44:48

Health: -1/132     AC: 26    Str: 13    XL:     16   Next: 7%
Magic:  1/30       EV: 18    Int: 23    God:    Ashenzari [******]
Gold:   1065       SH:  5    Dex: 12    Spells: 2/42 levels left

rFire    + . .     SeeInvis +   O - +7 lajatang (distort) (curse)
rCold    + . .     Gourm    .   (shield currently unavailable)
rNeg     + . .     Faith    .   (armour unavailable)
rPois    +         Spirit   .   m - +2 hat (curse)
rElec    +         Reflect  +   k - +0 cloak "Daer" {+Fly rF+ rN+} (curse)
rCorr    .         Harm     .   g - +0 pair of gloves
MR       ++++.     Clarity  +   i - +2 pair of boots (curse)
Stlth    ++++......             w - +5 amulet of reflection (curse)
Regen    0.4/turn               d - ring of poison resistance (curse)
MPRegen  0.3/turn               Z - ring of the Mage {Wiz MR++ Int+3} (curse)

@: lethally poisoned (-1 -> -63), icy armour, no potions, very slightly
contaminated, slow
A: breathe frost, unfitting armour, claws 1, cold resistance 1, low mp 1, magic
resistance 1, mutation resistance 1, electricity resistance, cold-blooded, AC +9
a: Breathe Frost, Curse Item, Scrying, Transfer Knowledge, Renounce Religion,
Evoke Flight


You were on level 2 of the Spider Nest.
You worshipped Ashenzari.
Ashenzari was exalted by your worship.
You were hungry.

You visited 4 branches of the dungeon, and saw 25 of its levels.
You also visited: Labyrinth, Ice Cave and Volcano.

You collected 3130 gold pieces.
You spent 2065 gold pieces at shops.

Inventory:

Hand Weapons
 O - a cursed +7 lajatang of distortion (weapon)
Armour
 g - a +0 pair of gloves (worn)
 i - a cursed +2 pair of boots (worn)
 k - the cursed +0 cloak "Daer" (worn) {+Fly rF+ rN+}
   (You found it on level 7 of the Dungeon)

   It protects you from fire.
   It protects you from negative energy.
   It lets you fly.
   It has a curse placed upon it.
 m - a cursed +2 hat (worn)
Jewellery
 d - a cursed ring of poison resistance (left hand)
 f - an uncursed ring of protection from fire
 w - a cursed +5 amulet of reflection (around neck)
 G - an uncursed ring of protection from cold
 H - a +5 ring of protection
 Z - the cursed ring of the Mage (right hand) {Wiz MR++ Int+3}
   (You bought it in a shop on level 2 of the Orcish Mines)

   [ring of wizardry]

   It improves your spell success rate.
   It affects your intelligence (+3).
   It affects your resistance to hostile enchantments.
   It has a curse placed upon it.
Wands
 h - a wand of disintegration (11/24)
 n - a wand of paralysis (7/24)
 r - a wand of digging (8/24)
 u - a wand of acid (9/15)
 x - a wand of flame (19/48)
 A - a wand of digging (11/24)
 C - a wand of iceblast (2/15)
 K - a wand of scattershot (3/9)
 N - a wand of iceblast (6/15)
 Q - a wand of lightning (5/15)
 R - a wand of iceblast (5/15)
 T - a wand of iceblast (10/15)
 U - a wand of acid (11/15)
 W - a wand of iceblast (3/15)
Scrolls
 v - 8 scrolls of recharging
 y - 5 scrolls of teleportation
 D - 3 scrolls of magic mapping
 I - a scroll of summoning
 J - 4 scrolls of amnesia
 L - a scroll of fear
 M - 2 scrolls of identify
 P - 4 scrolls of fog
 S - 2 scrolls of remove curse
Potions
 a - a potion of ambrosia
 e - 7 potions of haste
 j - 3 potions of agility
 l - 3 potions of brilliance
 o - a potion of might
 p - 2 potions of mutation
 q - 8 potions of curing
 s - 2 potions of resistance
 t - 4 potions of invisibility
 z - 3 potions of berserk rage
 V - 2 potions of flight
 Y - a potion of magic
Books
 X - a book of Unlife

   Spells                             Type                      Level
   a - Recall                         Summoning/Translocation      3
   b - Animate Dead                   Necromancy                   4
   c - Control Undead                 Necromancy                   4
   d - Cigotuvi's Embrace             Necromancy                   5
   e - Death Channel                  Necromancy                   6
   f - Simulacrum                     Ice/Necromancy               6
Comestibles
 b - 16 bread rations
 c - 12 meat rations
 E - 36 fruits
 F - 33 royal jellies


   Skills:
 + Level 9.0 Fighting
   Level 2.4(8.7) Maces & Flails
 + Level 12.7(18.2) Staves
 + Level 8.3(11.3) Dodging
 + Level 5.5(8.6) Stealth
 + Level 0.2 Unarmed Combat
 + Level 13.7 Spellcasting
 + Level 7.0(11.5) Conjurations
   Level 0.1(0.8) Hexes
 + Level 6.7(11.2) Charms
 + Level 3.9(8.1) Summonings
 + Level 3.2(7.1) Necromancy
 + Level 15.3(19.3) Ice Magic
 + Level 1.6(4.6) Evocations


You had 2 spell levels left.
You knew the following spells:

 Your Spells              Type           Power        Failure   Level  Hunger
a - Freeze                Ice            ####         0%          1    None
b - Throw Frost           Conj/Ice       ######       0%          2    None
c - Ozocubu's Armour      Chrm/Ice       ######..     1%          3    None
d - Throw Icicle          Conj/Ice       ######..     1%          4    None
e - Summon Ice Beast      Ice/Summ       ######..     1%          4    None
f - Iskenderun's Battles  Conj/Chrm      ######..     1%          5    ###....
g - Regeneration          Chrm/Necr      ######....   1%          3    None
h - Freezing Cloud        Conj/Ice/Air   ######....   4%          6    #####..
i - Ozocubu's Refrigerat  Ice            #######...   1%          6    #####..
j - Bolt of Cold          Conj/Ice       ######....   1%          6    #####..


Dungeon Overview and Level Annotations

Branches:
Dungeon (15/15)            Temple (0/1) D:5            Lair (6/6) D:11
 Shoals (0/4) Lair:2       Spider (2/4) Lair:4        Slime (0/5) Lair:5
    Orc (2/2) D:10            Elf (0/3) Orc:2        Vaults (0/5) D:14
 Depths (0/5) D:15

Altars:
Ashenzari
Cheibriados
Dithmenos
Elyvilon
Fedhas
Gozag
Hepliaklqana
Kikubaaqudgha
Makhleb
Nemelex Xobeh
Ru
Vehumet
Xom
The Shining One
Beogh

Shops:
D:4 [   D:7 *   D:11 [   Orc:1 [   Orc:2 :}:==

Annotations:
D:8 Malvoorn's ghost, novice DsBe


Innate Abilities, Weirdness & Mutations

You can breathe waves of freezing cold.
You can buffet flying creatures when you breathe cold.
Your icy white scales are hard. (AC +9)
You cannot fit into any form of body armour.
Your flesh is cold resistant. (rC+)
You are cold-blooded and may be slowed by cold attacks.
You have sharp fingernails.
Your magical capacity is low. (-10% MP)
You are resistant to hostile enchantments. (MR+)
You are somewhat resistant to further mutation.
You are resistant to electric shocks. (rElec)


Message History

* * * LOW HITPOINT WARNING * * *
You feel very sick. The wolf spider misses you. The wolf spider bites you!
* * * LOW HITPOINT WARNING * * *
You are more poisoned.
The wolf spider poisons you! The wolf spider misses you.
The wolf spider bites you but does no damage.
Blink to where?
Press: ? - help, Dir - move target cursor You are very lightly contaminated with residual magic.
As you read the scroll of blinking, it crumbles to dust.
* * * LOW HITPOINT WARNING * * *
You feel very sick.
Unknown command.
* * * LOW HITPOINT WARNING * * *
You feel very sick.
There is a stone staircase leading up here.
Unknown command.
You cannot drink potions in your current state!
You die...

,,
***,>,...#.#....#§..^#^.^.##.#
,,, .....#....s.............
,,, ,,
.....#...#s..†.#...^.... , ,,
,,,.......#^#......#....... ,,
,,, .......#.........#...... ,
, ,.#...#.^....#.....#.#..# ,
* .....^...#..#....#.##### , *
.....#............## ** *
#......@#.#^#....##
##..?.≈≈≈≈###...^# ##..≈≈≈≈##
###### ##≈≈≈≈≈# ##≈≈≈≈# ##≈###
##*


You could see 2 wolf spiders.

Vanquished Creatures
  Kirke (D:14)
  Agnes (D:14)
  An orc warlord (Orc:1)
  An entropy weaver (Spider:2)
  The ghost of Yanek the Thaumaturge, a journeyman GrEE of Vehumet (Lair:6)
  A minotaur (Lab)
  A great orb of eyes (D:15)
  A fire dragon (Lair:6)
  2 hydras
  2 centaur warriors
  A catoblepas (D:15)
  Erica (D:9)
  2 dancing weapons (D:14)
  An ogre mage (Orc:2)
  A death yak (IceCv)
  11 two-headed ogres
  An orc high priest (Orc:1)
  Sonja (D:15)
  A fire crab (Volcano)
  2 unseen horrors (D:15)
  2 deep trolls
  Pikel (D:6)
  2 wizards
  A lindwurm (Volcano)
  An orc sorcerer (Orc:2)
  A manticore (D:15)
  2 deep elf magi (D:15)
  5 wolf spiders
  5 cyclopes
  5 ugly things (D:15)
  An oklob plant (Lair:1)
  2 orb spiders
  A salamander (D:15)
  9 elephants
  3 black mambas
  An ice statue (IceCv)
  A black mamba (shapeshifter) (D:15)
  11 spiny frogs
  2 gargoyles (D:14)
  2 torpor snails (Spider:1)
  2 kobold demonologists
  5 komodo dragons
  2 rime drakes (Lair:6)
  2 efreet
  2 ice devils (Lair:3)
  A demonic crawler (Spider:2)
  A queen bee (Lair:4)
  8 jumping spiders
  16 polar bears
  9 trolls
  4 raiju (Lair:6)
  5 meliai
  2 blink frogs
  8 dream sheep (Lair:6)
  A wolf spider simulacrum (D:15)
  A hornet (Spider:1)
  7 slime creatures
  10 hippogriffs
  6 tarantellas
  Eustachio (D:5)
  6 redbacks
  6 wyverns
  8 fire bats (Volcano)
  5 hogs (D:14)
  55 yaks
  2 vampires
  A basilisk (Lair:6)
  The ghost of herpmino the Shield-Bearer, an amateur FoFi (D:4)
  10 vampire mosquitoes
  2 steam dragons
  7 wargs
  Edmund (D:4)
  4 acid dragons
  A naga (shapeshifter) (D:14)
  16 hell hounds
  A soldier ant (D:12)
  12 water moccasins
  5 porcupines
  A slave (D:6)
  19 orc warriors
  A swamp drake (Lair:6)
  6 ice beasts
  A sky beast (shapeshifter) (D:15)
  3 sky beasts
  2 phantoms
  An eye of draining (D:10)
  10 black bears
  15 ogres
  9 centaurs
  30 wolves
  6 crocodiles
  5 big kobolds
  2 gnoll sergeants
  13 bullfrogs
  A wyvern skeleton (D:10)
  7 scorpions
  16 wights
  26 killer bees
  2 howler monkeys
  10 crimson imps
  2 bullfrog zombies
  5 hounds
  4 centaur zombies
  3 jellies
  17 orc wizards
  A gnoll shaman (Orc:1)
  9 orc priests
  Crazy Yiuf (D:3)
  3 bullfrog skeletons
  5 iguanas
  9 worker ants
  A hound zombie (D:6)
  Robin (D:3)
  15 gnolls
  A howler monkey skeleton (D:5)
  14 adders
  4 shadow imps
  An adder skeleton (D:9)
  3 worms
  A dart slug (D:5)
  4 leopard geckos
  66 orcs
  14 bats
  9 giant cockroaches
  15 goblins
  7 hobgoblins
  9 jackals
  3 quokkas
  5 frilled lizards
  24 kobolds
  2 quokka skeletons
  8 rats
  A fungus (Lair:6)
781 creatures vanquished.

Vanquished Creatures (collateral kills)
  Snorg (D:10)
  An ogre mage (Orc:2)
  A hydra (Lair:6)
  2 two-headed ogres
  A wolf spider (Spider:1)
  3 elephants
  A spiny frog (Lair:6)
  2 black mambas
  A troll (Orc:1)
  2 polar bears
  A meliai (Lair:4)
  A hornet (D:11)
  A blink frog (Lair:4)
  A hippogriff (Lair:4)
  4 yaks
  A basilisk (Lair:4)
  A warg (Lair:6)
  A black bear (Lair:6)
  2 orc warriors
  An ogre (Orc:2)
  2 wolves (IceCv)
  A centaur (D:11)
  A crocodile (Lair:6)
  A bullfrog (D:13)
  A scorpion (D:9)
  10 killer bees (Lair:4)
  A quasit (D:14)
  2 orc wizards
  4 gnolls
  A leopard gecko (D:9)
  3 orcs
56 creatures vanquished.

Vanquished Creatures (others)
  Nessos (D:14)
  A swamp dragon (Lair:6)
  A wolf spider zombie (D:14)
  A cyclops (D:15)
  An elephant (Lair:2)
  A black mamba (Lair:6)
  A gargoyle (D:12)
  A rime drake (IceCv)
  A komodo dragon (D:13)
  6 polar bears (IceCv)
  A hippogriff (Lair:5)
  10 yaks
  A water moccasin (Lair:6)
  A black bear (Lair:6)
  An orc warrior (Orc:1)
  3 ogres (Orc:2)
  A wolf (Lair:6)
  A big kobold (D:11)
  A bullfrog (Lair:3)
  A wight (D:13)
  A quasit (D:9)
  A gnoll shaman (D:8)
  An iguana (Lair:6)
  2 gnolls
  A jackal (D:11)
  A kobold (D:10)
  10 fungi
  28 plants
81 creatures vanquished.

Grand Total: 918 creatures vanquished

Notes
Turn   | Place    | Note
-------+----------+-------------------------------------------
     0 | D:1      | dvd the Draconian Ice Elementalist began the quest for the Orb.
     0 | D:1      | Reached XP level 1. HP: 14/14 MP: 3/3
   316 | D:1      | Reached XP level 2. HP: 20/20 MP: 1/5
   323 | D:1      | Learned a level 2 spell: Throw Frost
  1072 | D:2      | Reached XP level 3. HP: 26/26 MP: 3/6
  1724 | D:2      | Learned a level 3 spell: Ozocubu's Armour
  1746 | D:2      | Reached XP level 4. HP: 33/33 MP: 2/8
  1800 | D:2      | Found a shimmering altar of Xom.
  1901 | D:2      | Reached skill level 4 in Ice Magic
  2332 | D:3      | Reached XP level 5. HP: 29/38 MP: 1/10
  2339 | D:3      | Reached skill level 1 in Maces & Flails
  2512 | D:3      | Found a runed door.
  2517 | D:3      | Noticed Crazy Yiuf
  2526 | D:3      | Killed Crazy Yiuf
  2596 | D:3      | Found a shattered altar of Ashenzari.
  2603 | D:3      | Became a worshipper of Ashenzari the Shackled
  2626 | D:3      | Noticed Robin
  2652 | D:3      | Killed Robin
  2662 | D:3      | Reached skill level 1 in Staves
  2989 | D:3      | Reached XP level 6. HP: 46/46 MP: 8/11
  3101 | D:3      | Found a blossoming altar of Fedhas.
  3107 | D:3      | Found an opulent altar of Gozag.
  3145 | D:3      | Found a sacrificial altar of Ru.
  3389 | D:4      | Found Nishraxeq's Antique Armour Boutique.
  3467 | D:4      | Noticed herpmino's ghost (amateur FoFi)
  3704 | D:4      | Noticed Edmund
  3744 | D:4      | Reached skill level 1 in Fighting
  3797 | D:4      | Your scales start taking on an icy white colour.
  3797 | D:4      | Reached skill level 5 in Ice Magic
  3797 | D:4      | Reached XP level 7. HP: 43/52 MP: 4/13
  3797 | D:4      | Gained mutation: Your flesh is cold resistant. (rC+) [White Draconian growth]
  3852 | D:4      | Learned a level 4 spell: Throw Icicle
  3914 | D:4      | Killed Edmund
  3914 | D:4      | Reached skill level 6 in Ice Magic
  4022 | D:4      | Reached skill level 1 in Charms
  4147 | D:5      | Entered Level 5 of the Dungeon
  4234 | D:5      | Noticed Eustachio
  4311 | D:5      | Killed Eustachio
  4311 | D:5      | Reached XP level 8. HP: 33/59 MP: 1/14
  4672 | D:5      | Found a snail-covered altar of Cheibriados.
  4735 | D:5      | Found a staircase to the Ecumenical Temple.
  4770 | D:5      | Found a sparkling altar of Nemelex Xobeh.
  5070 | D:5      | Gained mutation: You have sharp fingernails. [potion of mutation]
  5070 | D:5      | Gained mutation: You are resistant to hostile enchantments. (MR+) [potion of mutation]
  5154 | D:6      | Found a hazy altar of Hepliaklqana.
  5259 | D:6      | Noticed Pikel
  5293 | D:6      | Killed Pikel
  5293 | D:6      | Reached skill level 5 in Spellcasting
  5293 | D:6      | Reached skill level 7 in Ice Magic
  5420 | D:6      | Reached XP level 9. HP: 64/68 MP: 6/17
  5426 | D:6      | Learned a level 4 spell: Summon Ice Beast
  5429 | D:6      | Reached * piety under Ashenzari
  5456 | D:6      | Reached skill level 5 in Staves
  5456 | D:6      | Reached skill level 8 in Ice Magic
  5505 | D:6      | Found an ancient bone altar of Kikubaaqudgha.
  5928 | D:6      | Found a burning altar of Makhleb.
  5929 | D:6      | Found a radiant altar of Vehumet.
  6124 | D:7      | Got the uncursed cloak "Daer" {+Fly rF+ rN+}
  6135 | D:7      | Identified the +0 cloak "Daer" {+Fly rF+ rN+} (You found it on level 7 of the Dungeon)
  6405 | D:7      | Found Wiyne's Assorted Antiques.
  6411 | D:7      | Bought a sparkling ivory ring for 185 gold pieces
  6411 | D:7      | Identified the ring of Kyekug {*Tele rF- rC+ Dex+3} (You bought it in a shop on level 7 of the Dungeon)
  6701 | D:8      | Found a shadowy altar of Dithmenos.
  7003 | D:8      | Noticed Malvoorn's ghost (novice DsBe)
  7009 | D:8      | Noticed a two-headed ogre
  7065 | D:7      | Killed a two-headed ogre
  7793 | D:8      | Noticed a two-headed ogre
  7799 | D:8      | Killed a two-headed ogre
  7799 | D:8      | Reached XP level 10. HP: 29/77 MP: 0/20
  8124 | D:9      | Noticed Erica
  8151 | D:9      | Killed Erica
  8151 | D:9      | Reached skill level 9 in Ice Magic
  8501 | D:9      | Got the trident "Areod" {pierce, Dex+6}
  8530 | D:9      | Identified the +5 trident "Areod" {pierce, Dex+6} (You found it on level 9 of the Dungeon)
  8597 | D:9      | Reached ** piety under Ashenzari
  8983 | D:10     | Entered Level 10 of the Dungeon
  9152 | D:10     | Noticed Snorg
  9792 | D:10     | Found a staircase to the Orcish Mines.
  9968 | D:10     | Learned a level 2 spell: Ensorcelled Hibernation
 10090 | D:10     | Found an opulent altar of Gozag.
 10146 | D:10     | Killed Snorg
 10731 | D:4      | Killed herpmino's ghost
 11143 | D:11     | Noticed a wizard
 11154 | D:11     | Killed a wizard
 11154 | D:11     | Reached skill level 10 in Ice Magic
 11361 | D:11     | Found a staircase to the Lair.
 11501 | D:11     | Found Leson's Antique Armour Shoppe.
 11546 | D:11     | Reached XP level 11. HP: 83/85 MP: 20/23
 12244 | Lair:1   | Entered Level 1 of the Lair of Beasts
 12648 | Lair:1   | Reached skill level 5 in Fighting
 12919 | Lair:1   | Found a glowing golden altar of the Shining One.
 12919 | Lair:1   | Noticed an oklob plant
 13118 | Lair:1   | Reached *** piety under Ashenzari
 13376 | Lair:1   | Identified a scroll of acquirement
 13382 | Lair:1   | Learned a level 3 spell: Regeneration
 13736 | Lair:1   | Killed an oklob plant
 13855 | Lair:1   | Reached skill level 1 in Summonings
 13977 | Lair:2   | Found a dark tunnel.
 13987 | Volcano  | Entered a volcano
 14013 | Volcano  | Noticed a lindwurm
 14026 | Volcano  | Killed a lindwurm
 14026 | Volcano  | Reached skill level 5 in Dodging
 14307 | Volcano  | Noticed a fire crab
 14331 | Volcano  | Killed a fire crab
 14785 | Lair:2   | Found a staircase to the Shoals.
 15243 | Lair:2   | Reached skill level 11 in Ice Magic
 15536 | Lair:1   | Reached XP level 12. HP: 59/94 MP: 6/25
 16357 | Lair:3   | Reached **** piety under Ashenzari
 16396 | Lair:3   | Found a frozen archway.
 16476 | IceCv    | Entered an ice cave
 16534 | IceCv    | Reached skill level 1 in Necromancy
 17057 | IceCv    | Reached skill level 10 in Spellcasting
 17346 | IceCv    | Noticed a frost giant
 17346 | IceCv    | Noticed a death yak
 17347 | IceCv    | Identified the +9 short sword of Triumph {flame, rN+ Stlth+}
 17363 | IceCv    | Killed a death yak
 17449 | IceCv    | Reached skill level 10 in Staves
 17457 | IceCv    | Banished a frost giant
 17465 | IceCv    | Identified the cursed +1 dagger of Wrongful Imprisonment {drain, *Noise rF- Str+8 Dex+8}
 17557 | Lair:3   | Learned a level 2 spell: Song of Slaying
 17961 | Lair:3   | Reached skill level 5 in Stealth
 18034 | Lair:3   | Reached XP level 13. HP: 79/104 MP: 15/27
 18525 | Lair:4   | Found a hole to the Spider Nest.
 18838 | Lair:4   | Reached skill level 12 in Ice Magic
 18911 | Lair:4   | Reached skill level 5 in Conjurations
 19915 | Lair:4   | Learned a level 5 spell: Iskenderun's Battlesphere
 19923 | Lair:5   | Reached ***** piety under Ashenzari
 20384 | Lair:5   | Found a staircase to the Slime Pits.
 20859 | Orc:1    | Entered Level 1 of the Orcish Mines
 20941 | Orc:1    | Found Jixamos's Armour Boutique.
 21467 | Orc:2    | Entered Level 2 of the Orcish Mines
 22051 | Orc:2    | Found Jiecsueg's Book Shoppe.
 22076 | Orc:2    | Bought a book of Ice for 1105 gold pieces
 22083 | Orc:2    | Learned a level 6 spell: Ozocubu's Refrigeration
 22102 | Orc:2    | Found Quhe's Book Shoppe.
 22103 | Orc:2    | Found Xotu's Jewellery Boutique.
 22108 | Orc:2    | Reached skill level 5 in Charms
 22121 | Orc:2    | Reached skill level 13 in Ice Magic
 22625 | Orc:2    | Reached XP level 14. HP: 104/113 MP: 11/29
 22694 | Orc:2    | Found Minofet's Gadget Boutique.
 22701 | Orc:2    | Found Gotiacekk's Jewellery Shop.
 22710 | Orc:2    | Found a roughly hewn altar of Beogh.
 22726 | Orc:2    | Found a staircase to the Elven Halls.
 22730 | Orc:2    | Bought the ring of the Mage {Wiz MR++ Int+3} for 775 gold pieces
 22842 | Orc:2    | Learned a level 6 spell: Bolt of Cold
 23299 | Orc:1    | Noticed an orc warlord
 23326 | Orc:1    | Killed an orc warlord
 25014 | D:13     | Got the cursed pair of gloves "Cok Qoru" {rF- Str+3 Dex+2}
 25195 | D:13     | Reached ****** piety under Ashenzari
 25721 | Lair:6   | Entered Level 6 of the Lair of Beasts
 25721 | Lair:6   | Found a labyrinth entrance.
 25743 | Lab      | Entered a labyrinth
 26131 | Lab      | Identified the +1 war axe "Wiyfi" {chaos, SInv}
 26341 | Lair:6   | Noticed Yanek's ghost (journeyman GrEE)
 26402 | Lair:6   | Killed Yanek's ghost
 26588 | Lair:6   | Reached skill level 14 in Ice Magic
 26823 | Lair:6   | Identified the +9 short sword "Fafrivvi" {freeze, rPois}
 27732 | Lair:6   | Reached skill level 1 in Evocations
 27933 | Lair:6   | Reached XP level 15. HP: 82/121 MP: 16/31
 28420 | Lair:6   | Upgraded the game from 0.20-a0-1017-gc3250ce to 0.20-a0-1018-ge435b50
 28871 | D:14     | Found a gate to the Vaults.
 29366 | D:14     | Noticed Nessos
 29369 | D:14     | Killed Nessos
 29746 | D:14     | Noticed Agnes
 30025 | D:14     | Noticed Kirke
 30041 | D:14     | Killed Kirke
 30402 | D:14     | Killed Agnes
 30603 | D:15     | Entered Level 15 of the Dungeon
 30699 | D:15     | Noticed Sonja
 30724 | D:15     | Found a white marble altar of Elyvilon.
 30999 | D:15     | Learned a level 6 spell: Freezing Cloud
 31007 | D:15     | Killed Sonja
 31237 | D:15     | Reached skill level 15 in Ice Magic
 31275 | D:15     | Gained mutation: Your mind is acute. (Int +2) [mutagenic meat]
 31277 | D:15     | Gained mutation: You are resistant to electric shocks. (rElec) [mutagenic meat]
 31278 | D:15     | Gained mutation: Your magical capacity is low. (-10% MP) [mutagenic meat]
 31279 | D:15     | Gained mutation: You are somewhat resistant to further mutation. [mutagenic meat]
 31285 | D:15     | Lost mutation: Your mind is acute. (Int +2) [mutagenic meat]
 31391 | D:15     | Identified the cursed +1 pair of gloves "Cok Qoru" {rF- Str+3 Dex+2} (You acquired it on level 13 of the Dungeon)
 31748 | D:15     | Found a staircase to the Depths.
 32223 | Spider:1 | Entered Level 1 of the Spider Nest
 33501 | Spider:1 | Reached XP level 16. HP: 132/132 MP: 17/30
 33807 | Spider:2 | HP: 3/132 [poisoned by a wolf spider]
 33808 | Spider:2 | Succumbed to a wolf spider's poison

Vault maps used:
D:1:      lightli_arrival_lavapool
D:2:      nicolae_overflow_crystal_walls
D:3:      overflow_temple_1_default, lemuel_doored_altar,
          grunt_temple_overflow_open, first_bread, uniq_crazy_yiuf_cottage,
          uniq_robin
D:4:      serial_shops, shop_fountains, uniq_edmund
D:5:      kennysheep_mini, kennysheep_slug_shrine, temple_hall, uniq_eustachio
D:6:      grunt_temple_overflow_lords_of_destruction,
          lemuel_coloured_pillars_altar, kiku_gazebo_pond_becter, uniq_pikel
D:7:      serial_shops, nicolae_shop_overgrown_old_shop
D:8:      grunt_dithmenos_smoke_and_mirrors
D:9:      uniq_erica
D:10:     orc_david_3, blue_anna_alchemist, minmay_statues_item,
          grunt_gozag_statues, uniq_snorg
D:11:     lair_entry_dummy, serial_shops, shop, lightli_wizard_tower
D:14:     kennysheep_six_static_rooms, erik_vaults_1,
          hangedman_abyss_or_decor_passed, uniq_kirke, uniq_agnes, uniq_nessos
D:15:     hangedman_depths_entry_try_elsewhere_first, elyvilon_altar_5,
          dk_noncrumbling_2, uniq_sonja
Lair:1:   lemuel_oklob_altar, grunt_megastairs_3
Lair:2:   elwin_shoals_entry_rocks, enter_volcano_1
Lair:3:   portal_ice_cave_demonic_guard, beast_lair_carwin_6,
          serial_bayou_shore_b
Lair:4:   spider_nest_entry_webs
Lair:5:   slime_dummy, serial_forest, infiniplex_forest_lined_3_way,
          infiniplex_forest_clump_double, infiniplex_forest_side_room,
          infiniplex_forest_lined_room_2, infiniplex_forest_clump_small,
          infiniplex_forest_straight_2, serial_bayou_shore_b
Lair:6:   hangedman_lair_caniforms_friends, guppyfry_lair_end_dragon,
          lab_entry_generic, infiniplex_staircase_pool_2
Orc:1:    serial_shops, nicolae_shop_statue_plus
Orc:2:    st_orc_open, serial_shops, shop, basic_altar, roderic_batcave
Lab:      labyrinth_spiral
IceCv:    ice_cave_caverns_01
Volcano:  volcano_pools

Skill      XL: |  1  2  3  4  5  6  7  8  9 10 11 12 13 14 15 16 |
---------------+-------------------------------------------------+-----
Stealth        | 2 3 4 5 |  5.5
Ice Magic      | 4 5 6 7 8 10 11 13 14 15 | 15.3
Spellcasting   | 3 4 5 6 8 9 10 11 12 13 | 13.7
Maces & Flails | 2 |  2.4
Dodging        | 2 3 4 5 6 7 8 |  8.3
Staves         | 1 2 3 4 6 7 8 10 11 12 | 12.7
Fighting       | 1 2 3 4 5 6 7 8 9 |  9.0
Charms         | 1 2 3 4 5 6 |  6.7
Conjurations   | 2 3 4 5 6 7 |  7.0
Summonings     | 1 2 3 |  3.9
Necromancy     | 2 3 |  3.2
Evocations     | 1 |  1.6
Unarmed Combat | |  0.2
Hexes          | |  0.1

Action                   |  1- 3 |  4- 6 |  7- 9 | 10-12 | 13-15 | 16-18 || total
-------------------------+-------+-------+-------+-------+-------+-------++-------
Melee: Unarmed           |     3 |       |       |       |       |       ||     3
       Whip              |    11 |     3 |       |       |       |       ||    14
       Tailslap          |     1 |    13 |    17 |    90 |    83 |     5 ||   209
       Flail             |       |    64 |     6 |       |       |       ||    70
       Quarterstaff      |       |    84 |   226 |   727 |   729 |       ||  1766
       Lajatang          |       |       |       |       |   120 |    23 ||   143
 Cast: Freeze            |    56 |    42 |    29 |    71 |    42 |       ||   240
       Throw Frost       |     9 |    20 |    47 |    76 |    86 |     3 ||   241
       Ozocubu's Armour  |       |    10 |    26 |    64 |    88 |     2 ||   190
       Throw Icicle      |       |       |     4 |    84 |    83 |       ||   171
       Summon Ice Beast  |       |       |     4 |    30 |    47 |       ||    81
       Ensorcelled Hiber |       |       |       |     3 |     2 |       ||     5
       Regeneration      |       |       |       |    27 |    41 |       ||    68
       Song of Slaying   |       |       |       |     1 |     7 |       ||     8
       Iskenderun's Batt |       |       |       |       |    10 |       ||    10
       Ozocubu's Refrige |       |       |       |       |    60 |     2 ||    62
       Bolt of Cold      |       |       |       |       |    64 |     4 ||    68
       Freezing Cloud    |       |       |       |       |     3 |     1 ||     4
Invok: Curse Item        |       |     1 |       |     2 |     5 |       ||     8
 Abil: Breathe Frost     |       |       |     4 |     6 |     1 |       ||    11
Evoke: Wand              |       |       |       |     5 |    22 |       ||    27
  Use: Scroll            |       |       |    11 |     6 |    24 |     1 ||    42
       Potion            |       |       |     7 |     7 |     2 |       ||    16
 Stab: Sleeping          |     2 |     2 |     3 |     4 |     8 |       ||    19
       Paralysed         |       |       |     2 |       |       |       ||     2
       Confused          |       |       |     2 |       |       |       ||     2
       Distracted        |       |       |       |     3 |     4 |       ||     7
  Eat: Chunk             |     3 |     9 |    13 |    49 |    81 |     1 ||   156
       Royal jelly       |       |       |     2 |       |     5 |     1 ||     8
       Fruit             |       |       |       |     1 |     1 |       ||     2
       Meat ration       |       |       |       |     1 |       |       ||     1
Armor: Skin              |    23 |    71 |   120 |   384 |   318 |    14 ||   930
Dodge: Dodged            |    37 |   117 |   201 |   579 |   609 |    32 ||  1575
Block: Other             |       |       |       |       |   193 |     8 ||   201
       Reflection        |       |       |       |       |     5 |       ||     5
